[Event "21st RLP-Seniors Open 2024"]
[Site "Altenkirchen Ww"]
[Date "2024.09.03"]
[Round "1.1"]
[White "Boidman, Yuri"]
[Black "Hoefer, Heijo"]
[Result "1-0"]
[Annotator "TA"]
[ECO "E76"]
[WhiteElo "2245"]
[BlackElo "1891"]
[PlyCount "63"]
[EventDate "2024.09.02"]
[EventType "swiss"]
[EventCountry "GER"]
[SourceTitle "playchess.com"]
[Source "ChessBase"]
[SourceQuality "1"]
[TimeControl "40/5400+30:1800+30"]

1. e4 c6 2. c4 g6 3. d4 Bg7 4. Nc3 d6 5. f4 e5 6. fxe5 dxe5 7. d5 Nf6 8. Nf3 O-O 9. Bd3 Bg4 ({Black should try} 9... Na6 $11) 10. O-O $14 Na6 11. Be3 {[%emt 0:00:37] White is slightly better.} Rc8 12. Rc1 c5 (12... cxd5 $14 13. cxd5 (13. Bxa7 dxc4 14. Be2 Qe7 $17) (13. exd5 $2 e4 $19) (13. Nxd5 Nc5 $11) 13... Nc5) 13. a3 $16 b6 14. Qa4 Bxf3 15. Rxf3 Nb8 {[%emt 0:02:00] [#]} (15... Nc7 $16 16. Rcf1 (16. Qxa7 Ng4 $16) 16... Ra8) 16. Qa5 $4 a6 $2 {[#]} (16... bxa5 $19 17. Bg5 Qb6) 17. Qxa6 $2 {[%emt 0:00:00][%mdl 8192] White is more active.} Nbd7 $4 (17... Nxa6 $19 {avoids the disaster.} 18. Bg5 h6) 18. Qa4 {[%emt 0:00:00] Black is weak on the light squares} Ng4 19. Bd2 Bh6 (19... f5 $142 20. h3 (20. exf5 Qh4 $11) 20... Nh6 21. Bxh6 Bxh6) 20. Qc2 Qh4 21. h3 Bxd2 22. Qxd2 Nh6 23. Rcf1 Kg7 24. Nb5 f5 $2 (24... f6 {keeps fighting.} 25. Bc2 Nf7) 25. exf5 $18 gxf5 26. Bxf5 Nxf5 27. Rxf5 Rxf5 28. Rxf5 Qxc4 (28... Rf8 $18) 29. Qg5+ Kh8 30. Nd6 {[%emt 0:00:00][%csl LRc4,LRc8][%cal Rd6f7] White mates.} Qd4+ 31. Kh2 Rg8 32. Nf7# {[%emt 0:00:00] Weighted Error Value: White=0.64/Black=1.04.  Loses game:     	White=1     	---        Missed win:     	White=1     	Black=1      Mistake:       	---       	Black=6      Inaccurate:     	White=1     	Black=2      OK:         	White=8     	Black=3      Best:        	White=2     	---} 1-0

[Event "21st RLP-Seniors Open 2024"]
[Site "Altenkirchen Ww"]
[Date "2024.09.03"]
[Round "1.2"]
[White "Bigott, Martin"]
[Black "Rooze, Jan"]
[Result "0-1"]
[Annotator "TA"]
[ECO "D02"]
[WhiteElo "1888"]
[BlackElo "2235"]
[PlyCount "66"]
[EventDate "2024.09.02"]
[EventType "swiss"]
[EventCountry "GER"]
[SourceTitle "playchess.com"]
[Source "ChessBase"]
[SourceQuality "1"]
[TimeControl "40/5400+30:1800+30"]

1. d4 Nf6 2. g3 c5 3. c3 e6 4. Bg2 d5 5. Nf3 Nc6 6. O-O Be7 7. Bg5 O-O 8. Nbd2 cxd4 9. Nxd4 Bd7 {[%emt 0:00:00] Black has an edge.} 10. N2f3 h6 11. Bf4 Ne4 12. Nxc6 bxc6 13. Nd2 f5 14. Nxe4 fxe4 15. Kh1 Bf6 16. f3 e5 17. Bd2 exf3 18. exf3 Rb8 19. b3 Qb6 20. Qe2 Rbe8 21. Be3 d4 22. Bg1 c5 23. Qd3 Bb5 {[%emt 0:00:00] Black is more active.} 24. c4 Bc6 25. Rae1 Qb7 26. Re2 Bd8 27. h4 Re7 28. Kh2 Bc7 29. Kh3 {[%emt 0:06:47] [#]} e4 $1 30. fxe4 Rxf1 31. Bxf1 Bxe4 32. Qd2 (32. Rxe4 Qxe4 33. Qxe4 Rxe4 34. Bf2) 32... Qc8+ $19 33. Kh2 Qg4 {[%emt 0:00:00][%csl LRg3,LRh4] Weighted Error Value: White=0.30/Black=0.04 (flawless) .  Mistake:       	White=1     	---        Inaccurate:     	White=4     	---        OK:         	White=5     	Black=14     Best:        	White=1     	Black=1} 0-1

[Event "21st RLP-Seniors Open 2024"]
[Site "Altenkirchen Ww"]
[Date "2024.09.03"]
[Round "1.3"]
[White "Meyer, Armin"]
[Black "Fasel, Joerg"]
[Result "1-0"]
[Annotator "TA"]
[ECO "A11"]
[WhiteElo "2195"]
[BlackElo "1886"]
[PlyCount "75"]
[EventDate "2024.09.02"]
[EventType "swiss"]
[EventCountry "GER"]
[SourceTitle "playchess.com"]
[Source "ChessBase"]
[SourceQuality "1"]
[TimeControl "40/5400+30:1800+30"]

1. Nf3 Nf6 2. c4 c6 3. Nc3 d5 4. e3 a6 5. h3 Nbd7 6. d4 e6 7. a4 Bb4 8. Bd2 {[%emt 0:00:20] The position is equal.} c5 9. cxd5 exd5 10. dxc5 Nxc5 11. Qc2 Be6 (11... O-O $5) 12. Be2 Rc8 13. Qd1 O-O 14. Nd4 Qa5 15. O-O Rfd8 16. Qe1 Qb6 17. f3 Ncd7 18. f4 {[%emt 0:08:02] [#] Threatens to win with f5.} Nb8 (18... Nc5 $5) 19. Bf3 (19. a5 $5 Qd6 (19... Bxa5 $2 20. Rxa5 Qxa5 21. Ne4 $18) 20. Ne4 (20. Ncb5 Bxd2 21. Nxd6 Bxe1 $11) 20... Nxe4 21. Bxb4 $14) 19... Nc6 20. Nce2 (20. a5 $1 $14 Qc7 (20... Bxa5 21. Nxc6 Rxc6 22. Rxa5 $16) (20... Nxa5 $2 {perishes.} 21. Na4 $18) 21. Nxc6 bxc6 22. Na4 (22. Nxd5 Bxd5 23. Bxb4 Bxf3 $14)) 20... Bxd2 21. Qxd2 Nb4 22. a5 Qd6 23. Ra4 Nc6 24. Nxc6 Qxc6 (24... bxc6 $11 25. b4 Ne4 26. Bxe4 dxe4 27. Qxd6 Rxd6) 25. Rd4 $14 Qc2 26. Rd1 Rc5 {[%emt 0:01:17] [#]} (26... Re8 $142) 27. b4 $1 $36 {[%emt 0:04:01][%mdl 2048] White has strong initiative.} Qxd2 28. R1xd2 Rc7 29. g4 g6 30. g5 Ne8 31. Bxd5 Bxd5 32. Rxd5 Rxd5 33. Rxd5 {[%emt 0:00:11] KRN-KRN} Re7 (33... Kf8 $16 34. Kf2 Ke7) 34. Kf2 $18 {[%emt 0:00:24] aiming for Rd8.} Nc7 $2 (34... Kf8 {keeps fighting.} 35. Nd4 Rc7) 35. Rd8+ Kg7 36. Nc3 {[%emt 0:01:30] White is clearly winning.} f6 37. gxf6+ Kxf6 38. Rb8 {[%emt 0:00:14] Weighted Error Value: White=0.09 (flawless) /Black=0.25 (precise) .  Mistake:       	White=1     	Black=4      Inaccurate:     	White=1     	Black=4      OK:         	White=10    	Black=6      Best:        	White=3     	---        Strong:       	White=1     	---} 1-0

[Event "21st RLP-Seniors Open 2024"]
[Site "Altenkirchen Ww"]
[Date "2024.09.03"]
[Round "1.4"]
[White "Supplieth, Peter"]
[Black "Heck, Norbert"]
[Result "0-1"]
[Annotator "NA RC"]
[ECO "B06"]
[WhiteElo "1882"]
[BlackElo "2112"]
[PlyCount "64"]
[EventDate "2024.09.02"]
[EventType "swiss"]
[EventCountry "GER"]
[SourceTitle "playchess.com"]
[Source "ChessBase"]
[SourceQuality "1"]
[TimeControl "40/5400+30:1800+30"]

1. e4 g6 2. d4 Bg7 3. Nf3 d6 4. Bc4 c6 5. c3 Nf6 6. Qe2 O-O 7. Bg5 {[%emt 0:00:00] B06: Modern Defence.} d5 (7... Nxe4 $5 8. Qxe4 d5 $11) 8. exd5 cxd5 9. Bb3 b6 10. Bc2 Ba6 11. Bd3 Bxd3 12. Qxd3 Nc6 13. Nbd2 Qd6 14. O-O h6 15. Be3 Ng4 16. h3 Nxe3 17. Qxe3 Rfe8 18. Rfe1 e5 19. dxe5 Nxe5 20. Qf4 Nxf3+ 21. Qxf3 d4 22. Qd3 Red8 23. Nf3 dxc3 24. Re8+ Rxe8 25. Qxd6 cxb2 26. Rd1 Rac8 27. Kh2 Rc1 28. Qd2 Rec8 29. Qd3 Rxd1 (29... b1=R $2 30. Rxc1 Rbxc1 (30... Rcxc1 31. Qd8+ Kh7 32. Qe7 $15) 31. Nd2 $19) 30. Qxd1 Rc1 31. Qd8+ Kh7 32. Nd2 $19 Rd1 0-1

[Event "21st RLP-Seniors Open 2024"]
[Site "Altenkirchen Ww"]
[Date "2024.09.03"]
[Round "1.5"]
[White "Compagnie, Luc"]
[Black "Kuhn, Andreas"]
[Result "1/2-1/2"]
[Annotator "NA RC"]
[ECO "A13"]
[WhiteElo "2096"]
[BlackElo "2102"]
[PlyCount "83"]
[EventDate "2024.09.02"]
[EventType "swiss"]
[EventCountry "GER"]
[SourceTitle "playchess.com"]
[Source "ChessBase"]
[SourceQuality "1"]
[TimeControl "40/5400+30:1800+30"]

1. c4 e6 2. Nf3 Nf6 3. g3 d5 4. Bg2 dxc4 5. Qa4+ Bd7 6. Qxc4 {[%emt 0:00:06] A13: English Opening: 1...e6.} c5 7. Qc2 Nc6 8. O-O Be7 9. b3 O-O 10. Bb2 Rc8 11. Ne5 Nxe5 12. Bxe5 Bc6 13. Bxc6 Rxc6 14. Qb2 Qd5 15. Na3 Rd8 16. d3 Ne8 17. Nc4 Bf6 18. a4 Bxe5 19. Qxe5 f6 20. Qc3 Nc7 21. Rfc1 Na6 22. Nd2 Rdc8 23. Qb2 Qd4 24. Rc3 Nb4 25. Nf3 Qd6 26. Rc4 Nd5 27. Rac1 e5 28. Nd2 b6 29. Rh4 g6 30. Ne4 Qe7 31. Nc3 Nxc3 32. Qxc3 a5 33. Rc4 Qd6 34. h4 h5 35. Qd2 Kg7 (35... Rd8 $5) 36. Qe3 (36. e3 $11) 36... Qe6 37. Qf3 $11 Qd7 38. Qg2 f5 39. R1c3 Rd6 40. Qf3 Rd8 41. Qe3 Qe6 42. Qf3 1/2-1/2

[Event "21st RLP-Seniors Open 2024"]
[Site "Altenkirchen Ww"]
[Date "2024.09.03"]
[Round "1.6"]
[White "Schwab, Wolfgang"]
[Black "Geyer, Bernhard"]
[Result "0-1"]
[Annotator "NA RC"]
[ECO "A08"]
[WhiteElo "1873"]
[BlackElo "2096"]
[PlyCount "124"]
[EventDate "2024.09.02"]
[EventType "swiss"]
[EventCountry "GER"]
[SourceTitle "playchess.com"]
[Source "ChessBase"]
[SourceQuality "1"]
[TimeControl "40/5400+30:1800+30"]

1. Nf3 d5 2. g3 c5 3. d3 Nc6 4. Bg2 e5 5. O-O Be7 6. Nbd2 Nf6 7. e4 d4 8. h3 {[%emt 0:06:43] A08: King's Indian Attack.} O-O 9. Nc4 Qc7 10. Nh2 (10. Nh4 $11 {keeps the balance.}) 10... b5 11. Nd2 Rb8 12. Ndf3 Ne8 13. Ng5 h6 14. Ngf3 f5 15. exf5 Bxf5 16. g4 Bh7 17. g5 hxg5 18. Nxg5 Bxg5 19. Bd5+ Kh8 20. Bxg5 Nf6 21. Bg2 Rbe8 22. Bh4 (22. Re1 $15 {should be considered.}) 22... e4 23. Bg3 (23. Bxf6 $1 $15 gxf6 (23... Rxf6 24. Bxe4 Rh6 25. Ng4 $11) 24. dxe4) 23... Qd7 24. Qd2 exd3 25. cxd3 $19 {[%emt 0:00:16] [#]} Nb4 $1 26. Qg5 Nxd3 27. Rad1 c4 28. Qh4 Ne4 29. Nf3 Qd8 30. Qg4 Qf6 31. Qd7 a6 32. Bh4 Qd6 33. Qa7 $2 (33. Qxd6 Nxd6 34. Nxd4) 33... Nec5 34. Bg3 Qd7 $2 (34... Qf6 35. Qc7 Be4) 35. Qxd7 Nxd7 36. Nxd4 Nxb2 37. Rd2 c3 38. Re2 Rxe2 39. Nxe2 Bd3 40. Nxc3 Bxf1 41. Kxf1 Rc8 42. Ne2 Nc5 43. Bf3 Nbd3 44. Bg4 Re8 45. Bh5 Re4 46. Bf3 Ra4 47. Bd5 Ne4 48. Bc7 Nd2+ 49. Kg2 Nc4 50. Be4 Ne1+ 51. Kh2 Rxa2 52. Ng3 Rxf2+ 53. Kg1 Rf7 54. Bb8 Nf3+ 55. Kh1 Nfe5 56. Nf5 a5 57. Nd6 Nxd6 58. Bxd6 Nc4 59. Bg3 a4 60. Bc6 Rf1+ 61. Kg2 Rb1 62. Kf2 a3 0-1

[Event "21st RLP-Seniors Open 2024"]
[Site "Altenkirchen Ww"]
[Date "2024.09.03"]
[Round "1.7"]
[White "Siebenhaar, Erich"]
[Black "Duijker, Bert"]
[Result "1-0"]
[Annotator "NA RC"]
[ECO "A01"]
[WhiteElo "2087"]
[BlackElo "1872"]
[PlyCount "47"]
[EventDate "2024.09.02"]
[EventType "swiss"]
[EventCountry "GER"]
[SourceTitle "playchess.com"]
[Source "ChessBase"]
[SourceQuality "1"]
[TimeControl "40/5400+30:1800+30"]

1. b3 Nf6 2. Bb2 e6 3. e3 d5 4. g4 h6 5. h4 c5 (5... Nc6 $17 6. Bb5 e5) 6. f4 {[%emt 0:00:14] A01: Nimzowitsch-Larsen Opening.} Nc6 7. Qf3 Ne4 (7... e5 $15 8. g5 Ne4) 8. d3 Nd6 9. a3 {[%emt 0:00:54] [#]} ({White should try} 9. Nd2 $15) 9... Qa5+ ({Better is} 9... Be7 $1 $17) 10. Nd2 Bd7 11. O-O-O (11. Qf2 $142) 11... O-O-O 12. Ne2 Nb5 13. a4 Nc7 14. Bh3 b5 15. axb5 Qxb5 16. e4 Nb4 17. Nc3 Qb7 18. exd5 Nbxd5 $16 (18... exd5 $17 {keeps the pressure on.} 19. g5 Ne6) 19. Nxd5 (19. Rhf1 $16) 19... Qxd5 (19... exd5 $14 20. g5 d4) 20. Qf2 Qb7 21. Nc4 f6 22. g5 hxg5 23. hxg5 Be7 24. gxf6 1-0

[Event "21st RLP-Seniors Open 2024"]
[Site "Altenkirchen Ww"]
[Date "2024.09.03"]
[Round "1.8"]
[White "Ranker, Klemens"]
[Black "Krueger, Erich"]
[Result "0-1"]
[Annotator "TA"]
[ECO "B13"]
[WhiteElo "1872"]
[BlackElo "2085"]
[PlyCount "60"]
[EventDate "2024.09.02"]
[EventType "swiss"]
[EventCountry "GER"]
[SourceTitle "playchess.com"]
[Source "ChessBase"]
[SourceQuality "1"]
[TimeControl "40/5400+30:1800+30"]

1. e4 c6 2. d4 d5 3. exd5 cxd5 4. Bd3 Nf6 5. Nf3 Bg4 6. O-O Nc6 7. c3 e6 8. Re1 Bd6 9. Bg5 Qc7 10. h3 Bh5 {[%emt 0:00:28] The position is equal.} 11. Nbd2 O-O 12. Qb3 Bg6 13. Bxg6 hxg6 14. Re2 {[%emt 0:01:56] [#]} b5 $1 15. Rc1 (15. Qc2 Rfc8) 15... a5 16. a4 bxa4 17. Qxa4 Rfb8 18. Bxf6 gxf6 19. Nf1 Rb6 20. Rcc2 Rab8 21. Ne3 Qb7 22. g3 f5 (22... Qa6 {looks sharper.} 23. Ng4 Kg7 24. Kg2 Rb3) 23. Nd1 (23. Ng2 $15) 23... Kg7 24. Kg2 Qa6 ({Black should try} 24... f4 25. g4 Qd7) 25. Kg1 (25. Ne3 $142) 25... Ne7 26. Kg2 Ng8 27. Ne5 Nf6 28. Nd7 $2 (28. Qa1 $17) 28... Nxd7 $19 {[%emt 0:00:19] Black is clearly winning.} 29. Qxd7 a4 {[%emt 0:09:09] [#] Strongly threatening ...R6b7.} 30. Rxe6 R8b7 {[%emt 0:00:30] Weighted Error Value: White=0.45/Black=0.11 (very precise) .  Loses game:     	White=1     	---        Mistake:       	White=2     	Black=1      Inaccurate:     	White=4     	Black=3      OK:         	White=8     	Black=7      Best:        	White=1     	Black=2} 0-1